 Dungeon Crawl Stone Soup version 0.30-a0-373-gd37427bb62 (webtiles) character file.

Game seed: 14828916682516298648

273 funkygono the Firebug (level 6, -5/42 HPs)
             Began as a Demonspawn Fire Elementalist on Nov 24, 2022.
             Succumbed to a scorpion's poison
             ... in an ossuary.
             The game lasted 00:05:45 (3696 turns).

funkygono the Firebug (DsFE)                        Turns: 3696, Time: 00:05:45

Health: -5/42      AC:  5    Str: 21    XL:     6   Next: 2%
Magic:  10/11      EV: 12    Int: 18    God:
Gold:   182        SH:  0    Dex: 13    Spells: 2/12 levels left

rFire   . . .      SeeInvis .    m - +0 whip
rCold   . . .      Faith    .    (no shield)
rNeg    . . .      Spirit   .    a - +0 robe
rPois   .          Reflect  .    (helmet restricted)
rElec   .          Harm     .    (no cloak)
rCorr   .          Rampage  .    (no gloves)
Will    .....                    (no boots)
Stlth   ++........               (no amulet)
HPRegen 0.27/turn                l - +6 ring of strength
MPRegen 0.12/turn                v - +6 ring of strength

@: lethally poisoned (-5 -> -31)
A: horns 1, molten scales 2
a: no special abilities


You were in an ossuary.
You visited 1 branch of the dungeon, and saw 4 of its levels.
You also visited: Ossuary.

You collected 182 gold pieces.

Inventory:

Hand Weapons
 e - a +0 dagger
 m - a +0 whip (weapon)
Armour
 a - a +0 robe (worn)
Magical Staves
 p - a staff of poison
Jewellery
 l - a +6 ring of strength (left hand)
 v - a +6 ring of strength (right hand)
Scrolls
 c - 2 scrolls of fog {unknown}
 f - 2 scrolls of poison {unknown}
 g - a scroll of immolation {unknown}
 h - 2 scrolls of blinking {unknown}
 j - 3 scrolls of identify {unknown}
 q - 2 scrolls of magic mapping {unknown}
 r - a scroll of fear {unknown}
 s - a scroll of vulnerability {unknown}
 x - a scroll of teleportation {unknown}
Potions
 d - a potion of mutation {unknown}
 i - a potion of haste {unknown}
 k - 2 potions of attraction {unknown}
 n - 2 potions of curing {unknown}
 o - 2 potions of heal wounds {unknown}
 t - 2 potions of ambrosia {unknown}
 u - a potion of flight {unknown}
 w - 2 potions of lignification {unknown}


   Skills:
 + Level 0.5 Fighting
 + Level 0.6 Short Blades
 + Level 0.3 Maces & Flails
 + Level 2.2 Dodging
 - Level 1.7 Stealth
 + Level 3.6 Spellcasting
 + Level 2.6 Conjurations
 + Level 4.1 Fire Magic


You had 2 spell levels left.
You knew the following spells:

 Your Spells              Type           Power      Damage    Failure   Level
a - Foxfire               Conj/Fire      60%        2x1d7     3%          1
b - Scorch                Fire           36%        2d6       4%          2
c - Kindle Blastsparks    Fire/Tloc/Air  16%        2d11      26%         3
d - Flame Wave            Conj/Fire      15%        2d7       36%         4

Your spell library contained the following spells:

 Spells                   Type           Power      Damage    Failure   Level
 Magic Dart               Conj           48%        1d5       4%          1
 Necrotise                Necr           12%        1d4       16%         1
 Call Imp                 Summ           3%         N/A       22%         2
 Inner Flame              Hex/Fire       10%        N/A       21%         3
 Mephitic Cloud           Conj/Pois/Air  6%         N/A       32%         3
 Vampiric Draining        Necr           3%         2d6       41%         3
 Fulminant Prism          Conj/Hex       4%         3d5       65%         4
 Iskenderun's Mystic Bla  Conj/Tloc      8%         2d4       65%         4
 Agony                    Necr           3%         N/A       99%         5
 Lee's Rapid Deconstruct  Erth           1%         3d4*      99%         5


Dungeon Overview and Level Annotations

Branches:
Dungeon (4/15)            Ossuary (1/1)
 Temple: D:4-7

Altars:

Shops:
D:2 *(?


Innate Abilities, Weirdness & Mutations

You have a pair of small horns on your head.
You are mostly covered in molten scales. (AC +3)


Message History

Casting: Foxfire (safe; 3% risk of failure)
Confirm with . or Enter, or press ? or * to list all spells.
You don't have enough magic to cast this spell.
Unknown command.
Casting: Foxfire (safe; 3% risk of failure)
Confirm with . or Enter, or press ? or * to list all spells.
You conjure some foxfire!
You feel very sick.
The foxfire hits the scorpion.
The scorpion is lightly wounded.
You feel sick.
The foxfire hits the scorpion but does no damage.
The scorpion is lightly wounded.
The scorpion stings you but does no damage.
There is an open door here.
You hit the scorpion.
The scorpion is moderately wounded.
You feel sick. The scorpion stings you.
You are more poisoned.
The scorpion poisons you! The scorpion stings you.
You are lethally poisoned!
The scorpion poisons you! The scorpion zombie hits you.
* * * LOW HITPOINT WARNING * * *
You feel very sick.
The scorpion stings you but does no damage.
Magic courses through your body.
* * * LOW HITPOINT WARNING * * *
You feel very sick. The scorpion barely misses you. The scorpion stings you!
* * * LOW HITPOINT WARNING * * *
You are more poisoned.
The scorpion poisons you!
The scorpion zombie hits you but does no damage.
The scorpion closely misses you. The scorpion barely misses you.
Casting: Foxfire (safe; 3% risk of failure)
Confirm with . or Enter, or press ? or * to list all spells.
Flames lash the scorpion zombie.
The scorpion zombie is heavily damaged.
The scorpion zombie's fire resistance burns away.
You die...

##+## #######
#??"# ..#...#
#?..# ..8...#
#M.?# ......#
######8...8##
#...#.......#
#.Z.'...8...#
#@s.#...#...#
##s###### #
#...#...#
#...8...#
#.......#
##8...8##
#.......#
#...8†..#
#...#...#


You could see a mummy, 2 scorpions and a scorpion zombie (combustible).

Vanquished Creatures
  A scorpion (Ossuary)
  A hound (D:4)
  Jessica (D:3)
  A scorpion zombie (Ossuary)
  Robin (D:1)
  4 adders
  A worm (D:2)
  2 dart slugs
  10 endoplasms
  A giant cockroach (D:1)
  6 hobgoblins
  8 jackals (D:4)
  A quokka (D:3)
  6 ball pythons
  5 bats
  4 frilled lizards
  11 goblins
  A goblin zombie (Ossuary)
  A hobgoblin zombie (Ossuary)
  5 kobolds
  6 rats
77 creatures vanquished.

Vanquished Creatures (others)
  202 foxfires
202 creatures vanquished.

Grand Total: 279 creatures vanquished

Notes
Turn   | Place    | Note
-------+----------+-------------------------------------------
     0 | D:1      | funkygono the Demonspawn Fire Elementalist began the quest
                  | for the Orb.
     0 | D:1      | Reached XP level 1. HP: 13/13 MP: 3/3
   387 | D:1      | Reached skill level 3 in Fire Magic
   387 | D:1      | Gained mutation: You have a pair of small horns on your
                  | head. [demonic ancestry]
   387 | D:1      | Reached XP level 2. HP: 14/19 MP: 1/5
  1304 | D:2      | Found Paduop's Magic Scroll Shop.
  1342 | D:2      | Gained mutation: You are partially covered in molten
                  | scales. (AC +2) [demonic ancestry]
  1342 | D:2      | Reached XP level 3. HP: 24/24 MP: 3/6
  1345 | D:2      | Learned a level 2 spell: Scorch
  1349 | D:2      | Learned a level 3 spell: Kindle Blastsparks
  1505 | D:2      | Found Haemul's Weapon Emporium.
  1531 | D:2      | Identified the +0 spear "Mausajov" {freeze, Int+2}
  1628 | D:2      | Noticed Robin
  1787 | D:1      | Killed Robin
  1788 | D:1      | Gained mutation: You are mostly covered in molten scales.
                  | (AC +3) [demonic ancestry]
  1788 | D:1      | Reached XP level 4. HP: 30/30 MP: 0/8
  2293 | D:2      | Found Fyeseil's Assorted Antiques.
  3183 | D:3      | Noticed Jessica
  3195 | D:3      | Killed Jessica
  3220 | D:3      | Reached XP level 5. HP: 36/36 MP: 6/9
  3263 | D:3      | Learned a level 4 spell: Flame Wave
  3531 | D:4      | Found a sand-covered staircase.
  3596 | Ossuary  | Entered an ossuary
  3609 | Ossuary  | Reached skill level 4 in Fire Magic
  3683 | Ossuary  | Reached XP level 6. HP: 42/42 MP: 2/11
  3695 | Ossuary  | HP: 1/42 [scorpion (7)]
  3696 | Ossuary  | Succumbed to a scorpion's poison

Illustrated notes

Levels and vault maps discovered:
D:1:      giann_wishing_wells, layout_basic
D:2:      layout_rooms, serial_shops, nicolae_shop_statue_plus, shop_coins,
          nicolae_shop_stone, grunt_ministairs_8, uniq_robin
D:3:      layout_basic, uniq_jessica
D:4:      layout_rooms, enter_ossuary_2, uniq_natasha
Ossuary:  ossuary_minmay_scorpions

Skill      XL: |  1  2  3  4  5 |
---------------+----------------+-----
Fire Magic     | 3 4 |  4.1
Dodging        | 2 |  2.2
Conjurations   | 2 |  2.6
Spellcasting   | 3 |  3.6
Fighting       | |  0.5
Short Blades   | |  0.6
Maces & Flails | |  0.3
Stealth        | |  1.7

Action                   |  1- 3 |  4- 6 || total
-------------------------+-------+-------++-------
Melee: Unarmed           |     2 |       ||     2
       Punch             |     1 |       ||     1
       Dagger            |     6 |     1 ||     7
       Headbutt          |     2 |     5 ||     7
       Whip              |       |    22 ||    22
 Cast: Foxfire           |    54 |    63 ||   117
       Scorch            |     4 |     8 ||    12
  Use: Potion            |       |     1 ||     1
 Stab: Sleeping          |       |     2 ||     2
Armor: Robe              |    10 |    16 ||    26
Dodge: Dodged            |    12 |    30 ||    42

Table legend: (Time is in decaauts)
 A = Elapsed time spent in this place.
 B = Non-inter-level travel time spent in this place.
 C = Inter-level travel time spent in this place.
 D = Time resting spent in this place.
 E = Time spent auto-exploring this place.
 F = Levels seen in this place.
 G = Mean time per level.
                   A        B        C        D        E       F      G
               +--------+--------+--------+--------+--------+-----+--------+
         Total |   3699 |   3604 |     95 |    105 |   2968 |   5 |  739.8 |
       Dungeon |   3599 |   3504 |     95 |    105 |   2914 |   4 |  899.8 |
       Ossuary |    100 |    100 |      0 |      0 |     54 |   1 |  100.0 |
               +--------+--------+--------+--------+--------+-----+--------+

Top non-repeatable levels by time:
     D:1: 1434 daAuts
     D:3: 1044 daAuts
     D:2: 895 daAuts
     D:4: 224 daAuts
 Ossuary: 100 daAuts
